[Event "Titled Tuesday Blitz June 28 Late 2022"]
[White "Hoffmann, Asa"]
[Black "Yeshchenko, Uliana"]
[WhiteFideId "2001470"]
[BlackFideId "14187272"]
[WhiteElo "2117"]
[BlackElo "1890"]
[Result "1-0"]
[Round "03"]
[TimeControl "180+1"]
[Date "2022.06.29"]
[WhiteClock "0:00:02"]
[BlackClock "0:00:28"]

1. d4 d5 2. Bg5 h6 3. Bh4 g5 4. Bg3 Bg7 5. e3 Nf6 6. Bd3 h5 7. h4 g4 8. Nd2 b6 9. Ne2 Bb7 10. Nf4 Nbd7 11. c3 e6 12. Qe2 c5 13. e4 dxe4 14. Nxe4 Nxe4 15. Bxe4 Bxe4 16. Qxe4 cxd4 17. cxd4 Nf6 18. Qc6+ Kf8 19. Rd1 Rc8 20. Qa4 Kg8 21. O-O Ne4 22. Rfe1 Nxg3 23. fxg3 Qd6 24. Qxa7 Bxd4+ 25. Kh2 Rd8 26. Rf1 Rd7 27. Qa8+ Kg7 28. Qe4 e5 29. Ne2 Qg6 30. Rf5 f6 31. Rdf1 Rf8 32. Qc6 Rdd8 33. Nxd4 exd4 34. Qxb6 d3 35. R5f2 d2 36. Rd1 Qc2 37. Rff1 Rd7 38. Qb5 Rff7 39. Qxh5 Qg6 40. Qxg6+ Kxg6 41. Rf2 Ra7 42. a3 Rab7 43. Rfxd2 Rfc7 44. b4 Rc3 45. Ra2 Re7 46. Rdd2 Ree3 47. a4 Rxg3 48. a5 Rge3 49. a6 g3+ 50. Kh3 Re1 51. Kg4 Rc4+ 52. Kf3 Rf1+ 53. Kxg3 Rc3+ 54. Kh2 Rcc1 55. a7 Rh1+ 56. Kg3 Rc3+ 57. Kf2 Rxh4 58. a8=Q Rf4+ 59. Ke2 Rf5 60. Qf3 Rfxf3 61. gxf3 Rb3 62. Rab2 Ra3 63. b5 Ra8 64. b6 Re8+ 65. Kf2 Rb8 66. b7 Kf7 67. Rdc2 Ke7 68. Rc8 Rxb7 69. Rxb7+ Ke6 70. Rc5 Kd6 71. Ra5 Ke6 72. Rb6+ Kf7 73. Kg3 Kg6 74. Kf4 Kf7 75. Kf5 Kg7 76. Ra7+ Kh6 77. Rxf6+ Kh5 78. Rb7 Kh4 79. Kf4 Kh3 80. Rh6+ Kg2 81. Rg7+ Kf2 82. Rh2+ Kf1 83. Ra2 Ke1 84. Rb7 Kf1 85. Rb1# 1-0


[Site "https://www.chess.com"]

[Event "Titled Tuesday Blitz June 28 Late 2022"]
[White "Howell, David W L"]
[Black "Glavina, Pablo"]
[WhiteFideId "410608"]
[BlackFideId "100234"]
[WhiteElo "2559"]
[BlackElo "2369"]
[Result "1-0"]
[Round "03"]
[TimeControl "180+1"]
[Date "2022.06.28"]
[WhiteClock "0:00:05"]
[BlackClock "0:00:05"]

1. Nh3 d5 2. Na3 e5 3. d4 exd4 4. Qxd4 Nf6 5. Bg5 Be7 6. O-O-O c5 7. Qh4 Nc6 8. Nf4 O-O 9. f3 d4 10. e4 h6 11. Bxf6 Bxf6 12. Qf2 Be6 13. Nxe6 fxe6 14. Kb1 a6 15. f4 b5 16. c4 b4 17. Nc2 e5 18. f5 a5 19. Ne1 a4 20. Bd3 a3 21. b3 Kf7 22. h4 Ke8 23. g4 g5 24. fxg6 Kd7 25. Qf5+ Kd6 26. Nf3 Ne7 27. Qh5 Bg7 28. g5 Rh8 29. Rdf1 Qe8 30. Rhg1 Qxg6 31. Qxg6+ Nxg6 32. gxh6 Rxh6 33. Ng5 Nh8 34. Nf7+ Nxf7 35. Rxf7 Bf6 36. h5 Re8 37. Be2 Re7 38. Rf8 Bh4 39. Kc2 Rf6 40. Rxf6+ Bxf6 41. Rg6 Rf7 42. h6 Ke7 43. Bg4 Rh7 44. Bf5 Rh8 45. Kd3 Kf7 46. h7 Ke7 47. Rg8 Kf7 48. Ke2 Rxg8 49. Be6+ Kxe6 50. hxg8=Q+ 1-0


[Site "https://www.chess.com"]

[Event "Titled Tuesday Blitz June 28 Late 2022"]
[White "Huber, Benedikt"]
[Black "Arnold, Ken"]
[WhiteFideId "12923583"]
[BlackFideId "2056836"]
[WhiteElo "1979"]
[BlackElo "2256"]
[Result "0-1"]
[Round "03"]
[TimeControl "180+1"]
[Date "2022.06.29"]
[WhiteClock "0:02:14"]
[BlackClock "0:01:37"]

1. d4 Nf6 2. c4 e6 3. Nc3 Bb4 4. f3 d5 5. a3 Bxc3+ 6. bxc3 O-O 7. cxd5 exd5 8. e3 c5 9. Bd3 Re8 10. Ne2 Qc7 11. O-O b6 12. Ng3 Bb7 13. Ra2 Nbd7 14. Re2 Rac8 15. e4 cxd4 16. cxd4 Nf8 17. e5 N6d7 18. f4 Ne6 19. Be3 Qc3 20. Bb1 Ba6 21. f5 Bxe2 22. Nxe2 Qxe3+ 0-1


[Site "https://www.chess.com"]

[Event "Titled Tuesday Blitz June 28 Late 2022"]
[White "Ingebretsen, Jens E"]
[Black "Balint, Vilmos"]
[WhiteFideId "1522965"]
[BlackFideId "718050"]
[WhiteElo "2036"]
[BlackElo "2059"]
[Result "1/2-1/2"]
[Round "03"]
[TimeControl "180+1"]
[Date "2022.06.29"]
[WhiteClock "0:00:26"]
[BlackClock "0:00:26"]

1. g3 g6 2. Bg2 Bg7 3. c4 f5 4. Nc3 Nf6 5. d3 O-O 6. e4 d6 7. Nge2 Nc6 8. O-O e5 9. h3 Be6 10. Be3 Qd7 11. exf5 Bxf5 12. g4 Be6 13. f4 exf4 14. Nxf4 Bf7 15. Ncd5 Ne5 16. Nxf6+ Bxf6 17. Nd5 Bg7 18. Bh6 Bxd5 19. Bxd5+ Kh8 20. Qd2 c6 21. Bg2 Bxh6 22. Qxh6 Qg7 23. Qxg7+ Kxg7 24. Be4 b6 25. b3 Rac8 26. d4 Nd7 27. Rxf8 Nxf8 28. Kf2 Ne6 29. Ke3 c5 30. dxc5 dxc5 31. Bd5 Nd4 32. Rf1 Rc7 33. h4 Re7+ 34. Kd3 h6 35. g5 h5 36. Be4 Re6 37. b4 Nc2 38. bxc5 Nb4+ 39. Ke3 bxc5 40. Rd1 Re7 41. Kf4 Rf7+ 42. Kg3 Re7 43. Kf3 Rf7+ 44. Ke3 Nxa2 45. Rd6 Nc3 46. Rxg6+ Kf8 47. Rc6 Re7 48. Rc8+ Kg7 49. Rxc5 Nxe4 50. Ra5 Nxg5+ 51. Kf4 Ne4 52. Rxh5 Nd6 53. c5 Ne8 54. Rg5+ Kf7 55. Rf5+ Nf6 56. c6 Ke6 57. Re5+ Kd6 58. Rxe7 Kxe7 59. c7 Kd7 60. Kf5 Ne8 61. Kg6 a5 62. h5 Nxc7 63. h6 Ne6 64. Kf6 Nf8 65. Kf7 Nh7 66. Kg7 a4 67. Kxh7 a3 68. Kg8 a2 69. h7 a1=Q 70. h8=Q Qa8+ 71. Kh7 Qxh8+ 72. Kxh8 1/2-1/2


[Site "https://www.chess.com"]

[Event "Titled Tuesday Blitz June 28 Late 2022"]
[White "Janaszak, Dawid"]
[Black "Sibilio, Mario"]
[WhiteFideId "1119206"]
[BlackFideId "800422"]
[WhiteElo "2199"]
[BlackElo "2296"]
[Result "1-0"]
[Round "03"]
[TimeControl "180+1"]
[Date "2022.06.29"]
[WhiteClock "0:00:53"]
[BlackClock "0:00:01"]

1. e4 d6 2. Nc3 Nf6 3. d4 g6 4. Bf4 Nc6 5. Qd2 h6 6. O-O-O Bg7 7. Nf3 Bg4 8. d5 Nb8 9. Re1 Bxf3 10. gxf3 Nbd7 11. h4 c6 12. Bh3 Qa5 13. Kb1 Kf8 14. Qd1 Nb6 15. Qd3 Nfd7 16. Bd2 Nc5 17. Qe2 Qa6 18. Qxa6 Nxa6 19. dxc6 bxc6 20. Bf1 Nc5 21. h5 g5 22. f4 gxf4 23. Bxf4 Bxc3 24. bxc3 Rb8 25. Kc1 Nba4 26. Re3 e5 27. Bg3 Ke7 28. f4 f6 29. Bc4 Ne6 30. fxe5 dxe5 31. Rf1 Nac5 32. Bh4 Rbf8 33. Rf5 Ng5 34. Bd3 Nce6 35. Re1 Nf4 36. Bf1 Nxh5 37. Bf2 Kf7 38. Bc5 Rd8 39. a4 1-0


[Site "https://www.chess.com"]

[Event "Titled Tuesday Blitz June 28 Late 2022"]
[White "Janturin, Artur"]
[Black "Adla, Diego"]
[WhiteFideId "4130022"]
[BlackFideId "100072"]
[WhiteElo "2404"]
[BlackElo "2377"]
[Result "0-1"]
[Round "03"]
[TimeControl "180+1"]
[Date "2022.06.29"]
[WhiteClock "0:00:21"]
[BlackClock "0:00:13"]

1. b3 d5 2. Bb2 Bf5 3. g3 e6 4. Bg2 Nf6 5. d3 Bd6 6. Nd2 Nbd7 7. e4 Bg4 8. f3 Bh5 9. Ne2 e5 10. g4 Bg6 11. h4 h6 12. Ng3 c6 13. Qe2 Qe7 14. Ndf1 d4 15. Nd2 Bb4 16. a3 Bxd2+ 17. Qxd2 c5 18. Ke2 O-O-O 19. Qa5 Kb8 20. Bc1 b6 21. Qe1 Nf8 22. Bh3 Ne6 23. Bd2 Nf4+ 24. Kd1 Nd7 25. Ne2 Nxh3 26. Rxh3 h5 27. g5 f5 28. Ng3 f4 29. Ne2 Qe6 30. Rh1 Kb7 31. Nc1 Nb8 32. a4 Nc6 33. Qf1 a6 34. Qh3 Qe7 35. Ke2 Bf7 36. Na2 Be6 37. Qg2 g6 38. Rhb1 a5 39. Qf1 Qd7 40. Qd1 Bh3 41. Qg1 Be6 42. Qh2 Ra8 43. Nc1 Rhf8 44. Kf2 Kc7 45. Ne2 Kd6 46. Ng1 Qb7 47. Kg2 b5 48. Ne2 Nb4 49. Bxb4 axb4 50. axb5 Qxb5 51. Qg1 Ra3 52. Qc1 Rfa8 53. Qb2 Qa5 54. Rxa3 bxa3 55. Qa2 Qd2 56. Kf1 Qe3 57. Ng1 Qd2 58. Re1 Ra7 59. Re2 Qc3 60. Kf2 Qb4 61. Re1 Ra8 62. Ne2 Bh3 63. Rd1 Be6 64. Kf1 Kc6 65. Kf2 Kb5 66. Kf1 Ra7 67. Kf2 Bd7 68. Kf1 Bc6 69. Kf2 Kb6 70. Kf1 Kc7 71. Kf2 Kd8 72. Kf1 Ke7 73. Kf2 Kf8 74. Kf1 Kg7 75. Kf2 Kh8 76. Kf1 Kh7 77. Kf2 Kg7 78. Kf1 Kf7 79. Kf2 Ke8 80. Kf1 Kd7 81. Kf2 Kc8 82. Kf1 Kb7 83. Kf2 Ka8 84. Kf1 Ra6 85. Kf2 Ra5 86. Kf1 Ka7 87. Kf2 Kb6 88. Kf1 Kc7 89. Kf2 Ra6 90. Nc1 Qb8 91. Qb1 Qc8 92. Na2 Qh3 93. Rh1 Qg3+ 94. Ke2 Qg2+ 95. Ke1 Qxh1+ 0-1


[Site "https://www.chess.com"]

[Event "Titled Tuesday Blitz June 28 Late 2022"]
[White "Jarmula, Lukasz"]
[Black "Rios Escobar, Adan"]
[WhiteFideId "1160664"]
[BlackFideId "3403645"]
[WhiteElo "2644"]
[BlackElo "2456"]
[Result "0-1"]
[Round "03"]
[TimeControl "180+1"]
[Date "2022.06.29"]
[WhiteClock "0:00:34"]
[BlackClock "0:00:36"]

1. d4 Nf6 2. Bf4 b6 3. e3 Bb7 4. Nf3 g6 5. Be2 Bg7 6. O-O O-O 7. c4 d6 8. Nc3 Ne4 9. Nxe4 Bxe4 10. Nd2 Bb7 11. Bf3 Qc8 12. Rc1 Nd7 13. b4 c5 14. bxc5 bxc5 15. Nb3 a5 16. a4 Ra7 17. h3 Bxf3 18. Qxf3 Qc7 19. Qe2 Rb8 20. Rb1 Rab7 21. Qc2 Rb4 22. Nd2 Rxb1 23. Rxb1 Rb4 24. Rxb4 axb4 25. Nb3 Qa7 26. a5 cxd4 27. exd4 Bxd4 28. Qe4 Bxf2+ 29. Kh1 Nc5 30. Qc6 Nxb3 31. Bh6 Qb8 32. a6 Ba7 33. Qd7 Nd4 34. Be3 b3 0-1


[Site "https://www.chess.com"]

[Event "Titled Tuesday Blitz June 28 Late 2022"]
[White "Jaskolka, Tomasz"]
[Black "Chernobay, Artem"]
[WhiteFideId "1170791"]
[BlackFideId "4167406"]
[WhiteElo "2456"]
[BlackElo "2643"]
[Result "1-0"]
[Round "03"]
[TimeControl "180+1"]
[Date "2022.06.29"]
[WhiteClock "0:00:11"]
[BlackClock "0:00:02"]

1. d4 Nf6 2. Bf4 d5 3. e3 c5 4. c3 Nc6 5. Nd2 e6 6. Ngf3 Bd6 7. Bg3 O-O 8. Bd3 b6 9. e4 Be7 10. e5 Nh5 11. Ng5 Bxg5 12. Qxh5 g6 13. Qe2 h5 14. Nf3 h4 15. Nxg5 Qxg5 16. f4 Qh6 17. Bf2 cxd4 18. cxd4 Nb4 19. Be3 Nxd3+ 20. Qxd3 Qh5 21. b4 h3 22. O-O Bd7 23. Rf3 hxg2 24. Kxg2 Rac8 25. Rg1 Rc4 26. Rg3 Rfc8 27. Kh1 Be8 28. Bd2 Rc2 29. Rg5 Qh6 30. f5 exf5 31. e6 fxe6 32. Qe3 Qg7 33. Qxe6+ Bf7 34. Rxg6 1-0


[Site "https://www.chess.com"]

[Event "Titled Tuesday Blitz June 28 Late 2022"]
[White "Jeet, Jain"]
[Black "Curtis, John"]
[WhiteFideId "5073022"]
[BlackFideId "3200256"]
[WhiteElo "2055"]
[BlackElo "2203"]
[Result "1/2-1/2"]
[Round "03"]
[TimeControl "180+1"]
[Date "2022.06.29"]
[WhiteClock "0:00:21"]
[BlackClock "0:00:12"]

1. c4 c5 2. Nc3 Nf6 3. g3 d5 4. cxd5 Nxd5 5. Bg2 Nc7 6. Nf3 Nc6 7. O-O e5 8. b3 f6 9. Bb2 Be7 10. Rc1 Bd7 11. d3 b6 12. a3 Rc8 13. Qc2 Be6 14. Rfd1 Qd7 15. e3 O-O 16. Rd2 Nd5 17. Rdd1 Nd4 18. exd4 cxd4 19. Qd2 dxc3 20. Bxc3 Nxc3 21. Rxc3 Rxc3 22. Qxc3 Rc8 23. Qb2 Qc7 24. d4 e4 25. Nd2 f5 26. Bf1 Qc2 27. Qxc2 Rxc2 28. Bc4 Bf7 29. a4 Bb4 30. Bxf7+ Kxf7 31. Nc4 g6 32. d5 Ke7 33. d6+ Kd8 34. d7 Bc3 35. h4 Bf6 36. a5 b5 37. Na3 Rc5 38. b4 Rc7 39. Nxb5 Rxd7 40. Rxd7+ Kxd7 41. Nxa7 Bc3 42. Nb5 Bxb4 43. a6 Kc6 44. a7 Kb7 45. Kf1 Bc5 46. a8=Q+ Kxa8 47. Nc7+ Kb7 48. Ne6 Kc6 49. Ng5 e3 50. fxe3 Bxe3 51. Nxh7 Kd5 52. Nf8 g5 53. h5 g4 54. Ke2 Bg5 55. Ng6 Ke6 56. Kd3 Kf6 57. Kd4 Bc1 58. Kd5 Bd2 59. Kd6 Be1 60. Kd5 Bxg3 61. Kd4 Bd6 62. Ke3 Kg5 63. Kf2 Kxh5 64. Nh8 Kh6 65. Nf7+ Kh5 66. Nxd6 Kh4 67. Nxf5+ Kh3 68. Ng3 Kh2 69. Nf5 Kh3 70. Ng3 Kh2 71. Nf1+ Kh1 72. Kg3 Kg1 73. Ne3 Kh1 74. Nf5 Kg1 75. Nh6 Kh1 76. Nf7 Kg1 77. Nd8 Kh1 78. Nb7 Kg1 79. Nd6 Kh1 80. Ne4 Kg1 81. Nf2 Kf1 82. Nd3 Ke2 83. Nf4+ Ke3 84. Ng2+ Ke4 85. Kxg4 1/2-1/2


[Site "https://www.chess.com"]

[Event "Titled Tuesday Blitz June 28 Late 2022"]
[White "Jessel, Stephen"]
[Black "Kapitsyn, Mark"]
[WhiteFideId "628859"]
[BlackFideId "4116240"]
[WhiteElo "2268"]
[BlackElo "2292"]
[Result "1-0"]
[Round "03"]
[TimeControl "180+1"]
[Date "2022.06.29"]
[WhiteClock "0:00:13"]
[BlackClock "0:00:12"]

1. Nf3 c5 2. c4 Nf6 3. g3 Nc6 4. d4 cxd4 5. Nxd4 e5 6. Nb5 a6 7. Nd6+ Bxd6 8. Qxd6 Qe7 9. Qd2 O-O 10. Bg2 e4 11. O-O Rd8 12. Nc3 d6 13. b3 Bf5 14. Rd1 h5 15. Qg5 Bg6 16. Be3 b5 17. cxb5 axb5 18. Qxb5 Rdc8 19. Rac1 h4 20. Bh3 hxg3 21. hxg3 Rab8 22. Nd5 Nxd5 23. Qxd5 Nb4 24. Rxc8+ Rxc8 25. Qb5 Qe8 26. Qxb4 Rc2 27. Rd2 Rc1+ 28. Kg2 Kh7 29. Qxd6 Qa8 30. Qd8 Qa3 31. Qh4+ Kg8 32. Rd8+ Qf8 33. Rxf8+ Kxf8 34. Qh8+ Ke7 35. Qxg7 Rc2 36. Qe5+ Kf8 37. Bh6+ Kg8 38. Qg7# 1-0


[Site "https://www.chess.com"]

[Event "Titled Tuesday Blitz June 28 Late 2022"]
[White "Jobava, Baadur"]
[Black "Averjanov, Alexey"]
[WhiteFideId "13601520"]
[BlackFideId "14109867"]
[WhiteElo "2617"]
[BlackElo "2686"]
[Result "1-0"]
[Round "03"]
[TimeControl "180+1"]
[Date "2022.06.28"]
[WhiteClock "0:02:27"]
[BlackClock "0:01:53"]

1. b3 b6 2. Bb2 Bb7 3. c4 Nf6 4. Nf3 g6 5. g3 Bg7 6. Bg2 O-O 7. O-O c5 8. Nc3 d5 9. Nxd5 Nxd5 10. Bxg7 Kxg7 11. cxd5 Qxd5 12. d4 cxd4 13. Rc1 Nc6 14. Nxd4 Qxd4 15. Bxc6 Qxd1 16. Rfxd1 Bxc6 17. Rxc6 Rac8 18. Rxc8 Rxc8 19. Rd7 Rc2 20. Rxa7 Rxe2 21. Kg2 e6 22. b4 Rb2 23. a3 Rb3 24. Ra6 Kf6 25. h4 h5 26. Kf1 Rb2 27. Rxb6 Kf5 28. a4 e5 29. a5 Ra2 30. a6 Ke4 31. b5 f5 32. Kg2 f4 33. gxf4 exf4 34. Rxg6 f3+ 35. Kg3 Ra1 36. Re6+ Kf5 37. Re3 Ra5 38. Rxf3+ 1-0


[Site "https://www.chess.com"]

[Event "Titled Tuesday Blitz June 28 Late 2022"]
[White "Kaasen, Tor Fredrik"]
[Black "Gaisinsky, Adam"]
[WhiteFideId "1516647"]
[BlackFideId "2620561"]
[WhiteElo "2335"]
[BlackElo "1965"]
[Result "1-0"]
[Round "03"]
[TimeControl "180+1"]
[Date "2022.06.29"]
[WhiteClock "0:02:30"]
[BlackClock "0:01:10"]

1. Nf3 d5 2. e3 Nf6 3. c4 e6 4. b3 c5 5. Bb2 Nc6 6. cxd5 exd5 7. Bb5 Bd6 8. O-O O-O 9. d4 cxd4 10. Nxd4 Nxd4 11. Bxd4 Bxh2+ 12. Kxh2 Ng4+ 13. Kg3 Qg5 14. f4 Qg6 15. Bd3 Qh5 16. Rh1 1-0


[Site "https://www.chess.com"]

[Event "Titled Tuesday Blitz June 28 Late 2022"]
[White "Kamsky, Gata"]
[Black "Bekturov, Tamerlan"]
[WhiteFideId "2000024"]
[BlackFideId "13710184"]
[WhiteElo "2645"]
[BlackElo "2151"]
[Result "1-0"]
[Round "03"]
[TimeControl "180+1"]
[Date "2022.06.28"]
[WhiteClock "0:00:45"]
[BlackClock "0:00:20"]

1. e4 e5 2. Nf3 Nc6 3. Bb5 Nf6 4. O-O Nxe4 5. d4 Nd6 6. Bxc6 dxc6 7. dxe5 Nf5 8. Qxd8+ Kxd8 9. Rd1+ Ke8 10. Nc3 Be7 11. h3 h5 12. g3 Be6 13. Bg5 Rd8 14. Rxd8+ Bxd8 15. Rd1 Be7 16. Kg2 b6 17. a3 Bxg5 18. Nxg5 Ke7 19. g4 hxg4 20. hxg4 Nh4+ 21. Kg3 Ng6 22. f4 Bc8 23. Nf3 a6 24. f5 Nf8 25. b4 Bb7 26. Ng5 f6 27. exf6+ gxf6 28. Re1+ Kd7 29. Nge4 Rh6 30. Kf4 Nh7 31. Kg3 Kd8 32. a4 Bc8 33. a5 Nf8 34. Ne2 Nd7 35. Nd4 Bb7 36. Ne6+ Kc8 37. axb6 cxb6 38. Nd6+ Kb8 39. Nd8 Ba8 40. Re8 Kc7 41. N8f7 Rh1 42. Rc8# 1-0


[Site "https://www.chess.com"]

[Event "Titled Tuesday Blitz June 28 Late 2022"]
[White "Khismatullin, Denis"]
[Black "Zhu, Jiner"]
[WhiteFideId "4142578"]
[BlackFideId "8608059"]
[WhiteElo "2543"]
[BlackElo "2281"]
[Result "1-0"]
[Round "03"]
[TimeControl "180+1"]
[Date "2022.06.28"]
[WhiteClock "0:00:13"]
[BlackClock "0:00:01"]

1. d4 Nf6 2. c4 g6 3. g3 c6 4. b3 d5 5. Bb2 Bg7 6. Bg2 O-O 7. Nf3 a5 8. Nc3 Bf5 9. O-O Nbd7 10. cxd5 cxd5 11. Rc1 Rc8 12. e3 Nb8 13. Qe2 Ne4 14. Qb5 e6 15. Qxb7 Nxc3 16. Rxc3 Rxc3 17. Bxc3 Bd3 18. Rc1 Qc8 19. Qxc8 Rxc8 20. Ne1 Ba6 21. Bf1 Bxf1 22. Kxf1 Bf8 23. Nd3 Ba3 24. Bb2 Rxc1+ 25. Bxc1 Bd6 26. h3 f6 27. g4 e5 28. dxe5 fxe5 29. f4 e4 30. Ne1 Nc6 31. Nc2 Kf7 32. Ke2 Bc5 33. Bb2 Ke7 34. Bc3 Bb6 35. a3 Bc5 36. b4 axb4 37. axb4 Bb6 38. b5 Na7 39. Bd4 Nc8 40. Bxb6 Nxb6 41. Nd4 Nc4 42. Kf2 Kd6 43. h4 Ke7 44. Nc2 Kd6 45. Kg3 Kc5 46. f5 gxf5 47. g5 Kxb5 48. Kf4 Kc5 49. h5 d4 50. exd4+ Kd5 51. g6 hxg6 52. hxg6 Ke6 53. Kg5 Nd6 54. d5+ Ke7 55. Ne3 Ne8 56. Nxf5+ Kd7 57. Kf4 1-0


[Site "https://www.chess.com"]

[Event "Titled Tuesday Blitz June 28 Late 2022"]
[White "Koellner, Ruben Gideon"]
[Black "Martinez, Shawn"]
[WhiteFideId "12993093"]
[BlackFideId "2039770"]
[WhiteElo "2579"]
[BlackElo "2174"]
[Result "0-1"]
[Round "03"]
[TimeControl "180+1"]
[Date "2022.06.29"]
[WhiteClock "0:01:48"]
[BlackClock "0:01:33"]

1. d4 g6 2. Nf3 Bg7 3. Nbd2 a6 4. e4 b5 5. c3 Bb7 6. a4 bxa4 7. Qxa4 e6 8. Bd3 h6 9. O-O Ne7 10. Re1 O-O 11. Nf1 d6 12. Ng3 Nd7 13. h4 c5 14. Be3 Qc7 15. Qa5 Qc8 16. dxc5 Nxc5 17. Bxc5 dxc5 18. h5 g5 19. e5 Nd5 20. Ne4 Nf4 21. Nd6 Qd7 22. Nxb7 Qxd3 0-1


[Site "https://www.chess.com"]

[Event "Titled Tuesday Blitz June 28 Late 2022"]
[White "Kohler, Aran"]
[Black "Toncheva, Nadya"]
[WhiteFideId "1002856"]
[BlackFideId "2924056"]
[WhiteElo "2270"]
[BlackElo "1888"]
[Result "0-1"]
[Round "03"]
[TimeControl "180+1"]
[Date "2022.06.29"]
[WhiteClock "0:00:04"]
[BlackClock "0:00:14"]

1. d4 Nf6 2. Bg5 e6 3. Nd2 d5 4. c3 c5 5. e3 Qb6 6. Qb3 c4 7. Qxb6 axb6 8. a3 b5 9. Rc1 Nbd7 10. f4 Nb6 11. Ngf3 Na4 12. Rc2 Bd7 13. Ne5 Nxb2 14. Rxb2 Rxa3 15. Bxf6 gxf6 16. Nxd7 Kxd7 17. Rxb5 Kc6 18. Rb1 Rxc3 19. Be2 b5 20. Kf2 Ba3 21. Rhd1 b4 22. e4 Rc2 23. exd5+ exd5 24. g4 Re8 25. Kf3 c3 26. Bd3 Rxd2 27. Rxd2 cxd2 28. Rd1 Bc1 29. Bxh7 b3 30. Kf2 Kb5 31. Bd3+ Kb4 32. h4 Kc3 33. Bf5 Re4 34. h5 b2 35. h6 b1=Q 36. h7 Qb8 37. Rh1 Qxf4+ 38. Kg2 Re2+ 39. Kh3 Qh6+ 40. Kg3 Qxh1 41. h8=Q Qxh8 0-1


[Site "https://www.chess.com"]

[Event "Titled Tuesday Blitz June 28 Late 2022"]
[White "Korchmar, Vasiliy"]
[Black "Martinez Alcantara, Jose Eduardo"]
[WhiteFideId "24131750"]
[BlackFideId "3805662"]
[WhiteElo "2370"]
[BlackElo "2703"]
[Result "0-1"]
[Round "03"]
[TimeControl "180+1"]
[Date "2022.06.28"]
[WhiteClock "0:00:05"]
[BlackClock "0:00:28"]

1. e4 c5 2. Nf3 d6 3. d4 cxd4 4. Nxd4 Nf6 5. Nc3 Nc6 6. Bg5 e6 7. Bb5 Qb6 8. Bxf6 gxf6 9. Qd3 Bd7 10. Bxc6 bxc6 11. O-O-O a5 12. Kb1 Rb8 13. b3 Be7 14. Qg3 Qb4 15. Rhe1 a4 16. Nf5 exf5 17. Qg7 Rf8 18. exf5 Qxc3 19. Re3 Qxe3 20. fxe3 axb3 21. axb3 Bxf5 22. Kb2 Kd7 23. Qg3 Be6 24. Qf4 f5 25. Kb1 Ra8 26. e4 fxe4 27. Qxe4 Bf6 28. c3 Rfb8 0-1


[Site "https://www.chess.com"]

[Event "Titled Tuesday Blitz June 28 Late 2022"]
[White "Krishnan, Varun"]
[Black "Flynn, Jacob"]
[WhiteFideId "5054508"]
[BlackFideId "2509393"]
[WhiteElo "2544"]
[BlackElo "1896"]
[Result "1-0"]
[Round "03"]
[TimeControl "180+1"]
[Date "2022.06.29"]
[WhiteClock "0:00:08"]
[BlackClock "0:00:11"]

1. d4 Nf6 2. c4 e6 3. Nf3 a6 4. g3 b5 5. Bg2 Bb7 6. O-O Be7 7. Nbd2 O-O 8. Qc2 c5 9. e4 cxd4 10. e5 Ne8 11. Nxd4 Bxg2 12. Kxg2 Nc6 13. Nxc6 dxc6 14. Ne4 bxc4 15. Rd1 Qa5 16. Bg5 Bxg5 17. Nxg5 g6 18. Qe4 Nc7 19. h4 Rad8 20. h5 Rd5 21. hxg6 fxg6 22. Qh4 h5 23. Ne4 Rxe5 24. Rd7 Ref5 25. Qe7 R5f7 26. Qd6 Rxd7 27. Qxd7 Rf7 28. Qd8+ Kg7 29. Ng5 Qd5+ 30. Qxd5 cxd5 31. Nxf7 Kxf7 32. Rc1 Nb5 33. b3 Na3 34. Kf3 e5 35. Ke3 Ke6 36. bxc4 Nxc4+ 37. Kd3 Kd6 38. Rb1 Kc5 39. Rb8 e4+ 40. Kc2 Ne5 41. Ra8 d4 42. Rxa6 d3+ 43. Kd2 Nc4+ 44. Kc1 g5 45. Rg6 g4 46. Rg5+ Kd4 47. Rg8 Kc3 48. Rc8 d2+ 49. Kd1 Kd3 50. Rxc4 Kxc4 51. Kxd2 Kb4 52. Ke3 Ka3 53. Kxe4 Kxa2 54. Kf5 Kb3 55. Kg5 Kc3 56. Kxh5 Kd3 57. Kxg4 Ke2 58. Kf5 Kxf2 59. g4 Ke3 60. g5 Kd4 61. g6 Kc5 1-0


[Site "https://www.chess.com"]

[Event "Titled Tuesday Blitz June 28 Late 2022"]
[White "Kuzmin, Roman"]
[Black "Domingo Nunez, Ruben"]
[WhiteFideId "44134932"]
[BlackFideId "22245570"]
[WhiteElo "1968"]
[BlackElo "2376"]
[Result "0-1"]
[Round "03"]
[TimeControl "180+1"]
[Date "2022.06.29"]
[WhiteClock "0:00:03"]
[BlackClock "0:00:10"]

1. e4 Nc6 2. d4 d5 3. e5 Bf5 4. Nf3 e6 5. Bd3 Bxd3 6. Qxd3 Qd7 7. c3 f6 8. Bf4 Nge7 9. h4 O-O-O 10. Bg3 Nf5 11. Bh2 h5 12. Nbd2 Be7 13. a4 fxe5 14. Nxe5 Nxe5 15. Bxe5 Bxh4 16. b4 Bf6 17. Nf3 Nd6 18. Bxd6 Qxd6 19. Kd2 Qf4+ 20. Qe3 Qxe3+ 21. Kxe3 Rde8 22. Rae1 e5 23. dxe5 Bxe5 24. Kd3 Bf6 25. Rxe8+ Rxe8 26. Rxh5 c6 27. g4 Kd7 28. g5 Bd8 29. Rh7 Re7 30. Nd4 g6 31. Rxe7+ Bxe7 32. f4 Bd8 33. Nf3 Ke6 34. Nh4 Kf7 35. Kd4 Bc7 36. f5 gxf5 37. Nxf5 Kg6 38. Ne7+ Kxg5 39. Nc8 Kf6 40. Kc5 Bg3 41. b5 Bf2+ 42. Kd6 cxb5 43. axb5 d4 44. cxd4 Bxd4 45. Kc7 a6 46. Kxb7 axb5 47. Nd6 b4 48. Kc6 Ke5 49. Nc4+ Ke4 50. Kb5 Bc3 51. Ka4 Bd4 52. Kb3 Bc3 53. Na5 Kd5 0-1


[Site "https://www.chess.com"]

[Event "Titled Tuesday Blitz June 28 Late 2022"]
[White "Ladopoulos, Dimitrios"]
[Black "Mickiewicz, Piotr"]
[WhiteFideId "4239580"]
[BlackFideId "1114891"]
[WhiteElo "2697"]
[BlackElo "2482"]
[Result "1/2-1/2"]
[Round "03"]
[TimeControl "180+1"]
[Date "2022.06.29"]
[WhiteClock "0:00:12"]
[BlackClock "0:00:18"]

1. Nf3 d5 2. c4 c6 3. d4 Nf6 4. e3 e6 5. Nc3 Nbd7 6. Qc2 Bd6 7. b3 Qe7 8. Bb2 O-O 9. Bd3 dxc4 10. bxc4 e5 11. Bf5 exd4 12. Nxd4 g6 13. Bh3 Nc5 14. Bxc8 Raxc8 15. O-O Rfe8 16. Rad1 Rcd8 17. Nf3 Qe6 18. Ne2 Nfe4 19. Ba1 Bf8 20. Nf4 Qf5 21. Qb2 f6 22. h3 Bg7 23. Qa3 a6 24. Qa5 Qc8 25. Bd4 Ne6 26. Nxe6 Qxe6 27. Qb6 Rd7 28. Qb3 c5 29. Bb2 Red8 30. Rxd7 Qxd7 31. Qc2 Qd3 32. Qa4 g5 33. Qa5 Rd7 34. Qa4 h5 35. Nd4 Rf7 36. Qe8+ Bf8 37. Ne6 Qd7 38. Qxd7 Rxd7 39. f3 Nd2 40. Rc1 Kf7 41. Nxf8 Kxf8 42. Bxf6 g4 43. hxg4 hxg4 44. fxg4 Kf7 45. g5 Ke6 46. Kf2 Ne4+ 47. Kf3 Nxf6 48. gxf6 Kxf6 49. Rc2 Ke5 50. g4 Rf7+ 51. Kg3 Ke4 52. g5 Kxe3 53. Kg4 Kd3 54. Rc1 Rc7 55. g6 b5 56. cxb5 axb5 57. Kf5 c4 58. Kf6 c3 59. g7 Rxg7 60. Kxg7 Kd2 61. Rh1 c2 62. Kf6 c1=Q 63. Rxc1 Kxc1 64. Ke5 Kb2 65. Kd4 Kxa2 66. Kc5 b4 67. Kxb4 1/2-1/2


[Site "https://www.chess.com"]

[Event "Titled Tuesday Blitz June 28 Late 2022"]
[White "Lashkin, Jegor"]
[Black "Adewumi, Tanitoluwa"]
[WhiteFideId "13907808"]
[BlackFideId "30966396"]
[WhiteElo "2368"]
[BlackElo "2662"]
[Result "1-0"]
[Round "03"]
[TimeControl "180+1"]
[Date "2022.06.28"]
[WhiteClock "0:00:27"]
[BlackClock "0:00:05"]

1. d4 Nf6 2. c4 e6 3. Nc3 Bb4 4. e3 O-O 5. Bd2 b6 6. Nf3 Bb7 7. Bd3 d5 8. cxd5 exd5 9. Rc1 a6 10. O-O Bd6 11. Ne5 c5 12. f4 Nc6 13. Ng4 Nxg4 14. Qxg4 cxd4 15. Nxd5 dxe3 16. Bc3 f6 17. Qh5 f5 18. Bxf5 Rxf5 19. Qxf5 e2 20. Rfe1 Bc5+ 21. Kh1 Nd4 22. Bxd4 Bxd4 23. Qe6+ Kh8 24. Nc7 Qh4 25. Rxe2 Rf8 26. Qd6 Bc5 27. Rxc5 Rd8 28. Rd5 Rg8 29. Rd1 h6 30. Ne6 Re8 31. Qd7 Qg4 32. Qxe8+ Kh7 33. Nf8+ Kg8 34. Nd7+ Kh7 35. Nf6+ gxf6 36. Re7+ Qg7 37. Rxg7+ Kxg7 38. Rd7# 1-0


[Site "https://www.chess.com"]